[Event "*** Titled Tuesday Blitz"]
[Site "Chess.com"]
[Date "2020.05.05"]
[Round "5"]
[White "crazy_but_lazy"]
[Black "yamalchess"]
[Result "0-1"]
[WhiteElo "2366"]
[BlackElo "2551"]
[TimeControl "180+1"]
[EndTime "10:58:57 PDT"]
[Termination "yamalchess won by checkmate"]

1. d4 Nf6 2. c4 c5 3. Nf3 g6 4. g3 Bg7 5. Bg2 O-O 6. O-O d6 7. b3 Nc6 8. Bb2 cxd4 9. Nxd4 Bd7 10. Nc3 Rc8 11. Rc1 a6 12. Qd2 Nxd4 13. Qxd4 Bc6 14. Nd5 Nh5 15. Qd2 Bxb2 16. Qxb2 e6 17. Ne3 Qf6 18.
Qxf6 Nxf6 19. Rfd1 Rfd8 20. Rd3 Kf8 21. Rcd1 Ke7 22. g4 Bxg2 23. Kxg2 g5 24. h3 Ne4 25. Kf3 Nc5 26. R3d2 b5 27. cxb5 axb5 28. Nc2 d5 29. Nd4 Ne4 30. Rc2 Rxc2 31. Nxc2 Rc8 32. Nb4 Rc3+ 33. e3 Kd6 34. Ke2 Rc8 35. Ra1 e5 36. a4 bxa4 37. bxa4 Rb8 38. Nd3 Nc5 39. a5 Na6 40. f4 gxf4 41. exf4 f6 42. g5 e4 43. Nf2 fxg5 44. fxg5 Ke5 45. h4 d4 46.
Ra2 Rb3 47. h5 Kf4 48. g6 hxg6 49. hxg6 Rg3 50. Rb2 d3+ 51. Kf1 Rxg6 52. Rb6 Rxb6 53. axb6 Ke3 54. b7 d2 55. Nd1+ Kd3 56. Kf2 Nb8 57. Ne3 Nc6 58. Nd1 Kc2 59. Ke2 Kc1 60. Ne3 Nd4+ 61. Kf2 Nc6 62. Ke2 Nd4+ 63. Kf2 Nc2 64.
b8=Q Nxe3 65. Qc7+ Nc2 66. Qf4 e3+ 67. Ke2 d1=Q# 0-1

[Event "*** Titled Tuesday Blitz"]
[Site "Chess.com"]
[Date "2020.05.05"]
[Round "5"]
[White "Korona_91"]
[Black "jguerramzllo"]
[Result "1-0"]
[WhiteElo "2450"]
[BlackElo "2616"]
[TimeControl "180+1"]
[EndTime "10:59:02 PDT"]
[Termination "Korona_91 won by resignation"]

1. e4 e5 2. Nf3 Nc6 3. Bc4 Bc5 4. d3 Nf6 5. Nc3 O-O 6. Bg5 h6 7.
Bxf6 Qxf6 8. Nd5 Qd8 9. c3 d6 10. O-O a6 11. d4 Ba7 12. dxe5 Nxe5 13. Nxe5 dxe5 14. Qh5 c6 15. Ne3 Qg5 16. Qxg5 hxg5 17. Rad1 g6 18. Bb3 Kg7 19. Nc4 Kf6 20. Nd6 Ke7 21.
Rd3 Bc5 22. Nxc8+ Raxc8 23. Rfd1 Rc7 24. g3 f5 25. exf5 gxf5 26. Kg2 e4 27. R3d2 f4 28. Bc2 e3 29. fxe3 fxe3 30. Re2 Rf2+ 31. Rxf2 exf2 32.
b4 Ba7 33. c4 a5 34. a3 axb4 35. axb4 Ke6 36. c5 b6 37. Kxf2 bxc5 38. bxc5 Bxc5+ 39. Kg2 Ra7 40. Bb3+ Ke5 41. Rc1 Ra5 42. Kh3 Kd6 43.
Kg4 Bd4 44. Rd1 Kc5 45. Kxg5 Kb4+ 46. Kg4 c5 47. Be6 Kc3 48. h4 Kc2 49. Re1 Ra4 50. Kg5 c4 51. h5 c3 52. h6 Kd2 53. Rf1 c2 54. Bb3 Ra5+ 55. Kg6 c1=Q 56. Rxc1 Kxc1 57. g4 Ra3 58. Be6 Ra6 59. Kf7 Kd2 60. g5 Ke3 61. g6 Ra7+ 62. Kf8 Ra8+ 63. Kf7 Ra7+ 64. Kf8 Bc5+ 65. Kg8 Ra8+ 66. Kf7 Ra7+ 67. Kg8 Ra8+ 68. Kf7 Rf8+ 69. Kg7 Re8 70. Kf7 Bd4 71.
Kxe8 Kf4 72. g7 Ke5 73. g8=Q Kd6 74. Qf7 1-0

[Event "*** Titled Tuesday Blitz"]
[Site "Chess.com"]
[Date "2020.05.05"]
[Round "5"]
[White "FeketeBarika"]
[Black "Dii210"]
[Result "1-0"]
[WhiteElo "2292"]
[BlackElo "2034"]
[TimeControl "180+1"]
[EndTime "10:59:10 PDT"]
[Termination "FeketeBarika won by checkmate"]

1. Nf3 Nf6 2. g3 g6 3. Bg2 Bg7 4. c4 d6 5. O-O O-O 6. Nc3 Nc6 7. d3 e5 8. Rb1 a5 9. a3 h6 10. b4 axb4 11. axb4 Nh7 12. Bd2 f5 13. Ne1 g5 14.
b5 Ne7 15. e3 Nf6 16. f4 Qe8 17. Nc2 Ng4 18. Nb4 exf4 19. gxf4 gxf4 20. Rxf4 Ng6 21. Ncd5 Nxf4 22. Nxf4 Nxe3 23. Bd5+ Nxd5 24. Nbxd5 Qf7 25. Kh1 c6 26. Ne3 cxb5 27. cxb5 Ra2 28. Ned5 Be6 29. Nb4 Raa8 30. Qf3 Rae8 31. Rg1 Bd7 32. Bc3 Re5 33.
Bxe5 dxe5 34. Nh5 e4 35. Qg2 exd3 36. Qxg7+ Qxg7 37. Rxg7+ Kh8 38. Rxd7 d2 39. Rxd2 Kh7 40. Nd5 Kg6 41. Nhf4+ Kg5 42. Kg2 Ra8 43. Kf3 h5 44.
Ne3 Ra3 45. Rg2+ Kf6 46. h4 Ke7 47. Ng6+ Kd6 48. Nf4 Kc5 49. Rg5 Kd4 50. Rxf5 Rxe3+ 51. Kf2 Re4 52. Ne2+ Kd3 53. Rxh5 Rxe2+ 54. Kf3 Re3+ 55. Kf4 Re4+ 56. Kf5 Rb4 57. Ke6 Ke4 58. Kd6 Rd4+ 59. Kc7 Kf4 60. b6 Kg4 61. Rh6 Rf4 62. Kxb7 Rf7+ 63. Ka6 Rf1 64. b7 Ra1+ 65. Kb6 Rb1+ 66.
Ka7 Ra1+ 67. Ra6 Rb1 68. b8=Q Re1 69. Qb4+ Kg3 70. Qxe1+ Kg2 71. Re6 Kh3 72. Rf6 Kh2 73. Qf2+ Kh1 74. Qf1+ Kh2 75. Rf2+ Kg3 76. Qg2+ Kxh4 77.
Qg1 Kh5 78. Rh2# 1-0

[Event "*** Titled Tuesday Blitz"]
[Site "Chess.com"]
[Date "2020.05.05"]
[Round "5"]
[White "Man-Chuk"]
[Black "mbachez"]
[Result "1-0"]
[WhiteElo "2740"]
[BlackElo "2440"]
[TimeControl "180+1"]
[EndTime "10:59:11 PDT"]
[Termination "Man-Chuk won by resignation"]

1. c4 e5 2. Nc3 Nf6 3. Nf3 Nc6 4. e3 Bb4 5. Qc2 O-O 6. Nd5 Re8 7. Qf5 Be7 8. Nxe5 d6 9. Nxc6 bxc6 10. Nxe7+ Qxe7 11. Qc2 Ne4 12. d3 Nc5 13. Be2 Qg5 14. g3 Qg6 15. h4 h5 16. b4 Nd7 17. Bb2 a5 18. a3 axb4 19. axb4 Rxa1+ 20. Bxa1 c5 21. b5 Bb7 22. O-O Qf5 23. e4 Qg6 24. Qd1 Nf6 25. Bxf6 Qxf6 26. Bxh5 Ra8 27. Qf3 Qe6 28. Bg4 Qe5 29.
h5 Ra3 30. Bf5 Qd4 31. Rd1 Ra2 32. Qe3 Qf6 33. Rd2 Ra1+ 34. Kh2 Qxf5 35. Qe2 Qe6 36. Rd1 Rxd1 37. Qxd1 Bc8 38. Kg1 Qh3 39. Qf1 Qxh5 40. f3 Qg5 41. Qf2 Be6 42. Kg2 f5 43. f4 Qg6 44. Qe3 Bc8 45. e5 Bb7+ 46. Kf2 Qh5 47.
exd6 cxd6 48. Qe6+ Kh8 49. Qxd6 Qf3+ 50. Ke1 Qe3+ 51.
Kd1 Bf3+ 52. Kc2 Qe2+ 53. Kc3 Qe1+ 54. Kb2 Qb4+ 55. Kc2 Qa4+ 56. Kb2 Qb4+ 57. Kc2 Bg4 58. Qd8+ Kh7 59. Qh4+ Kg6 60. Qg5+ Kf7 61. Qd8 Qa4+ 62.
Kb2 Bd1 63. Qd5+ Kg6 64. Qe6+ Kh7 65. Qxf5+ Kh8 66. Qh3+ Kg8 67. Qc8+ Kf7 68. Qf5+ Ke7 69. Qxc5+ Ke8 70. Qe5+ Kf8 71. Qc3 Bf3 72. Qa3+ Qxa3+ 73. Kxa3 Be2 74. b6 Bf3 75. d4 Ke7 76. Kb4 Kd7 77. d5 Kc8 78. Kc5 Be2 79. Kd4 Bf3 80. c5 Bg2 1-0

[Event "*** Titled Tuesday Blitz"]
[Site "Chess.com"]
[Date "2020.05.05"]
[Round "5"]
[White "Szczor"]
[Black "mishanick"]
[Result "1-0"]
[WhiteElo "2654"]
[BlackElo "2927"]
[TimeControl "180+1"]
[EndTime "10:59:13 PDT"]
[Termination "Szczor won by resignation"]

1. e4 c5 2. Nf3 d6 3. d4 cxd4 4. Nxd4 Nf6 5. Nc3 a6 6. Bg5 e6 7. f4 Qb6 8. Nb3 Nbd7 9. Qf3 Qc7 10. g4 b5 11. Bxf6 Nxf6 12. g5 Nd7 13. O-O-O Bb7 14.
Bd3 Be7 15. h4 b4 16. Ne2 a5 17. Nbd4 a4 18. f5 Ne5 19. Bb5+ Bc6 20. Bxc6+ Nxc6 21. fxe6 O-O 22. exf7+ Rxf7 23. Qg2 a3 24. e5 axb2+ 25. Kxb2 Qa5 26. Qxc6 Qa3+ 27. Kb1 Qxa2+ 28. Kc1 Qa3+ 29.
Kd2 dxe5 30. Ra1 Qxa1 31. Rxa1 Rxa1 32. Qe8+ Rf8 33. Qxe7 exd4 34. Nxd4 Raf1 35. Ne6 R1f7 36. Qxb4 Re8 37. Nd4 Rd7 38. c3 h6 39. Qc4+ Kh7 40. Qd3+ Kh8 41. Qg6 Ree7 42. gxh6 gxh6 43. Qxh6+ Kg8 44. Qg6+ Rg7 45. Qe6+ Kh7 46. Kc2 Rg2+ 47. Kb3 Rb7+ 48. Kc4 Rc7+ 49. Kb4 Rb2+ 50. Ka3 Rb8 51.
Qf5+ Kg8 52. Qg5+ Kh7 53. Qh5+ Kg8 54. Qg4+ Kh7 55. Qe4+ Kg8 56. Qe6+ Kh7 57. Qf5+ Kg8 58.
Nb5 Rcb7 59. Kb4 Rg7 60. c4 Rf8 61. Qd5+ Kh7 62. c5 Rg1 63. Qd3+ Kg8 64. Qc4+ Kh7 65. c6 Rb1+ 66. Ka5 Ra8+ 67. Kb6 Rb8+ 68. Kc5 Rg1 69. c7 Rc8 70. Qe4+ Kh8 71. Qd4+ Rg7 72. Kc6 Kh7 73. Qe4+ Kh8 74. Qf5 Rcg8 75. c8=Q 1-0

[Event "*** Titled Tuesday Blitz"]
[Site "Chess.com"]
[Date "2020.05.05"]
[Round "5"]
[White "Aleksandar-Topalov"]
[Black "IljaJoke"]
[Result "0-1"]
[WhiteElo "2389"]
[BlackElo "2556"]
[TimeControl "180+1"]
[EndTime "10:59:13 PDT"]
[Termination "IljaJoke won on time"]

1. b3 e5 2. Bb2 Nc6 3. c4 Nf6 4. e3 d5 5. cxd5 Nxd5 6. a3 Be7 7. Qc2 Be6 8. Nf3 f6 9. Be2 Qd7 10. O-O g5 11. d4 e4 12. Nfd2 f5 13. Nc3 h5 14.
Nxd5 Bxd5 15. Nc4 h4 16. Ne5 Qe6 17. Bc4 Rd8 18. Bxd5 Rxd5 19. Rac1 Nxe5 20. dxe5 c6 21. Rfd1 Rxd1+ 22. Rxd1 Kf7 23. b4 h3 24. g3 g4 25.
Rd4 Rd8 26. Rd1 Rxd1+ 27. Qxd1 Qd5 28. Qc2 Ke6 29. Kf1 Bd8 30. Ke2 Bc7 31. Qc3 a6 32.
Qc2 Bxe5 33. Bxe5 Qxe5 34. Qb3+ Qd5 35. Qc2 a5 36. bxa5 Qb5+ 37. Ke1 Qxa5+ 38. Ke2 Qd5 39.
Qb2 Qc4+ 40. Ke1 b5 41. Qg7 Qd5 42. Qg8+ Kd6 43. Qd8+ Kc5 44. Qa5 Qd3 45. Qb4+ Kd5 46. Qe7 Kc4 47. Qb4+ Kd5 48. Qe7 Qc3+ 49. Ke2 Qc4+ 50.
Ke1 Qc5 51. Qf7+ Ke5 52. Qg7+ Ke6 53. Qg8+ Kd7 54. Qf7+ Kc8 55. Qe8+ Kb7 56. Qd7+ Kb6 57. Qd8+ Ka6 58. Qa8+ Kb6 59. Qb8+ Ka6 60. Qa8+ Qa7 61.
Qxc6+ Qb6 62. Qc8+ Qb7 63. Qxf5 Qc6 64. Qxg4 Qc3+ 65. Ke2 Qd3+ 66. Ke1 Qc3+ 67. Ke2 Qd3+ 68. Ke1 Qxa3 69. Qxe4 Qc1+ 70. Ke2 b4 71. Qe6+ Ka5 72. Qe5+ Ka4 73. Qd4 Ka3 74. Qa7+ Kb2 75. Qd4+ Ka3 76. Qa7+ Kb3 77. g4 Qc2+ 78. Kf3 Kb2 79. g5 b3 80. Qd4+ Kb1 81. Qb4 b2 82. Kf4 Qc7+ 0-1

[Event "*** Titled Tuesday Blitz"]
[Site "Chess.com"]
[Date "2020.05.05"]
[Round "5"]
[White "TheBigBoss04"]
[Black "LizaSolovyova"]
[Result "1/2-1/2"]
[WhiteElo "2719"]
[BlackElo "2561"]
[TimeControl "180+1"]
[EndTime "10:59:14 PDT"]
[Termination "Game drawn - insufficient material"]

1. d4 f5 2. Nc3 Nf6 3. Bg5 d5 4. Bxf6 exf6 5. e3 c6 6. Bd3 Bd6 7. Qf3 Qd7 8. h4 Na6 9. a3 Nc7 10. h5 b5 11. Nge2 a5 12. Ng3 Bxg3 13. Qxg3 Rb8 14. Ne2 Qe7 15. Qf3 b4 16. a4 O-O 17.
Bxf5 Bxf5 18. Qxf5 Ne6 19. O-O Ng5 20. Ng3 Rfe8 21.
Qg4 Qe6 22. Qxe6+ Rxe6 23. Rfc1 c5 24. dxc5 Rc6 25. Nf5 Rxc5 26. Nd4 Rbc8 27. Rd1 Kf7 28. f3 Ne6 29. Nb5 Ke7 30. c3 bxc3 31. Nxc3 Rd8 32.
Rd3 d4 33. exd4 Rxd4 34. Rxd4 Nxd4 35. Re1+ Kf7 36. Rd1 Rc4 37. Kf2 Rb4 38. Rd2 g6 39. h6 g5 40. g4 Kg6 41. Nd5 Rxa4 42. Ne7+ Kf7 43. Nc8 Kg6 44. Nd6 f5 45. Ke3 f4+ 46.
Kf2 Rb4 47. Kg2 a4 48. Kf2 Nb3 49. Re2 Nc5 50. Nf5 Rxb2 51. Rxb2 Nd3+ 52. Ke2 Nxb2 53. Kd2 Nc4+ 54. Kc3 Ne3 55. Nd4 Kxh6 56. Kb4 Kg6 57.
Kxa4 Kf6 58. Kb4 Ke5 59. Kc3 Ng2 60. Ne2 Ne1 61. Nd4 h6 62. Kc4 Ng2 63. Nc6+ Kd6 64. Nd4 Ke5 65. Nc6+ Kf6 66. Nd4 Nh4 67. Kd3 Kg6 68.
Ke4 h5 69. gxh5+ Kxh5 70. Ne6 Ng2 71. Kf5 Ne3+ 72. Ke4 Kh4 73. Nxf4 gxf4 74. Kxf4 Nd5+ 75. Ke4 Nf6+ 76. Kf5 Nh5 77. Ke4 Kg3 78. f4 Nxf4 1/2-1/2

[Event "*** Titled Tuesday Blitz"]
[Site "Chess.com"]
[Date "2020.05.05"]
[Round "5"]
[White "Oleksandr_Bortnyk"]
[Black "GM_Levan_Pantsulaia"]
[Result "1/2-1/2"]
[WhiteElo "2990"]
[BlackElo "2772"]
[TimeControl "180+1"]
[EndTime "10:59:23 PDT"]
[Termination "Game drawn - insufficient material"]

1. e4 c6 2. c4 d5 3. cxd5 cxd5 4. exd5 Nf6 5. Qa4+ Nbd7 6. Nc3 g6 7. Bc4 Bg7 8.
d3 O-O 9. Nf3 a6 10. Qa3 Nb6 11. Qb3 Nxc4 12. dxc4 e6 13. O-O exd5 14. cxd5 b5 15.
Bg5 h6 16. Be3 Bb7 17. Rad1 Re8 18. a4 Qd7 19. a5 Ne4 20. Nxe4 Rxe4 21. Rd2 Qc7 22.
h3 Qxa5 23. d6 Rb4 24. Qa3 Qxa3 25. bxa3 Rb2 26. Rfd1 Rxd2 27. Rxd2 Bc6 28. Bb6 Bd7 29. Nd4 a5 30. Nb3 b4 31. Nc5 Bc3 32. Rd1 bxa3 33. Nxd7 a2 34. Nc5 a1=Q 35. Rxa1 Bxa1 36. Nb3 Bc3 37.
d7 a4 38. Nc5 Bf6 39. Nxa4 Rxa4 40. d8=Q+ Bxd8 41. Bxd8 f5 42. Bc7 Kf7 43. g3 Ke6 44. Kg2 g5 45. Bd8 Kd5 46. Bf6 Ke4 47. Be7 Ra6 48. Bf8 Kd3 49. Bg7 Ke2 50. Be5 Ra2 51.
Bg7 h5 52. Bf6 g4 53. hxg4 hxg4 54. Bd4 Ra4 55. Bc5 Ra1 56. Bb6 Ra6 57. Bd4 Rc6 58.
Be3 Rc4 59. Bb6 Re4 60. Ba7 Kd3 61. Bb6 Re2 62. Ba7 Ke4 63. Bb6 Rc2 64. Ba7 Rc3 65.
Bb6 Rb3 66. Ba7 Rb1 67. Be3 Rb2 68. Bc5 Rb3 69. Ba7 Kd3 70. Bc5 Ke2 71. Ba7 Rb1 72. Bd4 Rf1 73. Be3 Rd1 74. Ba7 Rd3 75. Bb6 Rf3 76.
Ba7 f4 77. gxf4 Rxf4 78. Kg3 Ra4 79. Be3 Re4 80. Bc5 Rc4 81. Be3 Rc3 82. Kxg4 Rxe3 83. fxe3 Kxe3 1/2-1/2

[Event "*** Titled Tuesday Blitz"]
[Site "Chess.com"]
[Date "2020.05.05"]
[Round "5"]
[White "SmirnovAlexandrA"]
[Black "ChesterF"]
[Result "1/2-1/2"]
[WhiteElo "2329"]
[BlackElo "2501"]
[TimeControl "180+1"]
[EndTime "10:59:24 PDT"]
[Termination "Game drawn by agreement"]

1. e4 c5 2. Nf3 d6 3. d4 cxd4 4. Nxd4 Nf6 5. Nc3 a6 6. Bg5 e6 7.
f4 Qc7 8. Qf3 b5 9. O-O-O Bb7 10. Bd3 Nbd7 11. Rhe1 Be7 12. a3 Rc8 13. Qg3 Qb6 14. Nb3 b4 15. axb4 Qxb4 16. e5 Nd5 17. Bxe7 Kxe7 18. exd6+ Kf8 19. Nxd5 Bxd5 20. Kb1 a5 21. f5 a4 22. fxe6 Bxe6 23. Rxe6 fxe6 24. Rf1+ Kg8 25. Qe3 Re8 26. Nd2 Qxd6 27. Bc4 Nf6 28. Ne4 Qe5 29. Nxf6+ gxf6 30. Qxe5 fxe5 31. Re1 Kg7 32.
Rxe5 Kf6 33. Re3 Rhg8 34. g3 e5 35. b4 Rg4 36. Rf3+ Kg5 37. h4+ Kh6 38. Rf6+ Kg7 39. Rf7+ Kg6 40. h5+ Kg5 41. Rg7+ Kf5 42. Bd3+ e4 43. Rf7+ Ke6 44. Bc4+ Ke5 45. b5 e3 46. Kc1 Kd4 47. Be2 a3 48. Rd7+ Kc3 49. Bxg4 a2 50. Ra7 e2 51. Bxe2 Rxe2 52. Ra3+ Kb4 53. Rxa2 Re1+ 54. Kb2 Kxb5 55. Ra3 Rg1 56. Rc3 Kb4 57.
Rb3+ Kc4 58. Rd3 Rg2 59. h6 Rh2 60. Rd6 Rh3 61. Rd7 Rxg3 62. Rxh7 Rh3 63. Rc7+ Kd5 64. h7 Kd6 65. Ra7 Kc6 66. c3 Kb6 67. Rg7 Rh2+ 68. Kb3 Kb5 69. c4+ Kc5 70. Rg5+ Kd6 71. Rg6+ Ke7 72.
Rg7+ Kf6 73. Ra7 Ke6 74. Kb4 Rb2+ 75. Kc5 Rh2 76. Ra8 Kd7 77. Ra6 Rh5+ 78. Kb4 Kc7 79.
Ra7+ Kb6 80. Rg7 Rh4 81. Rg6+ Kb7 82. Rg7+ Kc6 83. h8=Q Rxh8 84. Rg6+ Kc7 85. Rg5 Kc6 86. Rg6+ 1/2-1/2

[Event "*** Titled Tuesday Blitz"]
[Site "Chess.com"]
[Date "2020.05.05"]
[Round "5"]
[White "WoolworthsManly"]
[Black "JulAnt"]
[Result "0-1"]
[WhiteElo "2649"]
[BlackElo "2449"]
[TimeControl "180+1"]
[EndTime "10:59:27 PDT"]
[Termination "JulAnt won by resignation"]

1. e4 c5 2. Nf3 e6 3. d4 cxd4 4.
Nxd4 Nf6 5. Nc3 d6 6. Be2 Be7 7. Be3 Nc6 8. f4 O-O 9. Qd2 e5 10. Nf5 Bxf5 11. exf5 exf4 12. Bxf4 d5 13. Nb5 a6 14.
Nd4 Nxd4 15. Qxd4 Rc8 16. O-O-O Re8 17. Bd3 Qa5 18. Kb1 Ne4 19. Bxe4 dxe4 20. Qxe4 Bf6 21. Qf3 Qxf5 22. Rd3 Qb5 23. Bc1 Qc4 24. Qd1 b5 25. g4 g6 26. h4 a5 27. g5 Bg7 28. h5 a4 29. hxg6 fxg6 30. Rd7 Qe6 31. Rf1 Rf8 32. Rxf8+ Rxf8 33. Qd5 Qxd5 34. Rxd5 b4 35. Rb5 a3 36. Rxb4 axb2 37. Bxb2 Bxb2 38. Kxb2 Rf5 39. Rg4 Kf7 40.
a4 Ke6 41. Kb3 Kd5 42. Kb4 Kc6 43. a5 Kb7 44. c4 Ka6 45. Re4 Rxg5 46. Re6+ Kb7 47.
Re7+ Ka6 48. Re8 Rg1 49. Re6+ Kb7 50. Rb6+ Ka7 51. Rf6 Rb1+ 52. Kc5 Ra1 53. Rf7+ Ka6 54. Rxh7 Rxa5+ 55. Kc6 Rg5 56. Rh8 Ka5 57. c5 Kb4 58. Rb8+ Kc4 59. Rb5 Rf5 60. Kb6 Rf6+ 61. Ka5 Rc6 62. Rb6 Rxc5+ 63. Ka4 g5 64. Ka3 Re5 65. Kb2 Kd3 66. Kb3 Ke2 67. Rf6 Ke3 68. Kc4 Ke4 69. Rf1 Rf5 70. Re1+ Kf3 71. Rf1+ Kg4 72. Rg1+ Kh5 73. Kd4 g4 74. Ke4 Rf8 75. Rh1+ Kg5 76. Rh7 g3 77. Rg7+ Kh4 78. Ke3 Kh3 79. Ke2 Kg2 80. Rg6 Kh2 81. Rh6+ Kg1 82. Rg6 g2 83. Ke1 Rf5 84. Ke2 Rf8 85. Ke1 Re8+ 86. Kd2 Re5 87. Kd3 Kf2 88. Rf6+ Kg3 89. Rg6+ Kf3 90. Rf6+ Kg4 0-1

[Event "*** Titled Tuesday Blitz"]
[Site "Chess.com"]
[Date "2020.05.05"]
[Round "5"]
[White "vinniethepooh"]
[Black "Philosopherrr"]
[Result "1/2-1/2"]
[WhiteElo "2680"]
[BlackElo "2491"]
[TimeControl "180+1"]
[EndTime "10:59:28 PDT"]
[Termination "Game drawn by repetition"]

1. d4 Nf6 2. c4 e6 3. Nc3 c5 4. d5 exd5 5. cxd5 d6 6. e4 g6 7. Be2 Bg7 8. Be3 O-O 9. Nf3 Bg4 10. Nd2 Bxe2 11. Qxe2 Nbd7 12. O-O a6 13. a4 Re8 14. h3 Nh5 15. f4 Ng3 16. Qf3 Nxf1 17. Rxf1 f5 18. Kh2 Qe7 19. Re1 Bxc3 20. bxc3 fxe4 21.
Qg3 Qf7 22. c4 Nf6 23. Qh4 b5 24. f5 bxc4 25. Nxc4 Nxd5 26. Nxd6 Qc7 27. Bf4 Nxf4 28. Qxf4 Rad8 29. Rd1 e3 30. fxg6 hxg6 31. Qf6 Qg7 32. Qxg7+ Kxg7 33. Nxe8+ Rxe8 34. Kg3 Re4 35. Kf3 Rxa4 36.
Kxe3 Ra3+ 37. Kf4 Kh6 38. Rd6 a5 39. Rc6 Ra4+ 40. Kf3 Rc4 41. Ra6 a4 42. Ra5 Rc3+ 43.
Kf4 a3 44. h4 Kh5 45. Ra8 Rc4+ 46. Kg3 Rg4+ 47. Kf3 Rxh4 48. Rxa3 Rc4 49. Ra5 Kh4 50.
Ra8 Rc3+ 51. Kf2 g5 52. Rh8+ Kg4 53. Rc8 Rc2+ 54. Ke3 Kg3 55. Kd3 Rc1 56. Kd2 Rc4 57.
Kd3 Rd4+ 58. Ke3 Rd5 59. Ke4 Rd4+ 60. Ke3 Rc4 61. Kd3 Rg4 62. Rxc5 Kxg2 63. Ke3 Rg3+ 64.
Ke2 g4 65. Rg5 Kh3 66. Rh5+ Kg2 67. Rg5 Kg1 68. Rg6 Rg2+ 69. Ke3 Kh2 70. Kf4 g3 71.
Rh6+ Kg1 72. Kf3 Rh2 73. Ra6 Rf2+ 74. Kxg3 Rf1 75. Ra2 Re1 76. Rg2+ Kf1 77. Rf2+ Kg1 78. Rg2+ Kf1 79. Rf2+ Kg1 80. Rg2+ 1/2-1/2

[Event "*** Titled Tuesday Blitz"]
[Site "Chess.com"]
[Date "2020.05.05"]
[Round "5"]
[White "AleksanderHnydiuk"]
[Black "LeonValdes"]
[Result "1-0"]
[WhiteElo "2557"]
[BlackElo "2388"]
[TimeControl "180+1"]
[EndTime "10:59:28 PDT"]
[Termination "AleksanderHnydiuk won on time"]

1. Nf3 Nf6 2. c4 g6 3. d4 Bg7 4. g3 O-O 5. Bg2 d5 6. cxd5 Nxd5 7. O-O c5 8. e4 Nf6 9. e5 Nd5 10. dxc5 Nc6 11. Qe2 Qa5 12. a3 Qxc5 13. b4 Qb6 14. Bb2 Bf5 15. Nbd2 Rfd8 16. Rac1 Ndxb4 17. Nc4 Qa6 18. axb4 Bd3 19. Qe3 Bxc4 20. Rfd1 Nxb4 21. Rxd8+ Rxd8 22. Qc5 Nd3 23. Qxe7 Rf8 24. Ra1 Qb5 25. Bd4 a5 26.
Nd2 Bd5 27. Rb1 Qc6 28. Bxd5 Qxd5 29. Be3 b5 30. Qd6 Qxd6 31. exd6 b4 32. Bb6 a4 33. d7 Bf6 34. Ne4 Bd8 35. Bxd8 Rxd8 36. Rd1 b3 37. Rxd3 b2 38. Nc3 a3 39. Rd1 a2 40. Nxa2 Kg7 41. Rb1 Rxd7 42. Rxb2 Re7 43.
Kg2 h5 44. Nc3 Re6 45. Re2 Rc6 46. Nd1 Rd6 47. Ne3 Re6 48. h4 Rb6 49. Kf3 Rf6+ 50. Kg2 Ra6 51. Nd5 Rd6 52. Nf4 Ra6 53. Re7 Ra5 54.
Rc7 Rb5 55. Nd3 Ra5 56. Nc5 Kf6 57. Nd7+ Kg7 58. Nc5 Kf6 59. Ne4+ Kg7 60. Ng5 Rf5 61. f3 Rf6 62. Kf2 Rf5 63. Ke3 Rf6 64. Ke4 Rf5 65. g4 hxg4 66. fxg4 Rf1 67. Nf3 Ra1 68. Kf4 Ra4+ 69. Kg3 Ra3 70. g5 Ra4 71. Re7 Ra3 72. Kf4 Ra4+ 73. Re4 Ra7 74. Rd4 Rb7 75.
Ne5 Ra7 76. Rd7 Ra4+ 77. Kg3 Ra3+ 78. Kg2 Ra2+ 79. Kf3 Ra3+ 80. Ke4 Ra4+ 81. Kd3 Ra3+ 82. Kc4 Ra4+ 83. Kb5 Rxh4 84. Rxf7+ Kg8 85. Re7 Rg4 86.
Nxg4 1-0

[Event "*** Titled Tuesday Blitz"]
[Site "Chess.com"]
[Date "2020.05.05"]
[Round "5"]
[White "CookiesAndIceCream"]
[Black "DACF2905"]
[Result "0-1"]
[WhiteElo "2338"]
[BlackElo "2192"]
[TimeControl "180+1"]
[EndTime "10:59:30 PDT"]
[Termination "DACF2905 won by checkmate"]

1. e4 c5 2. Nf3 e6 3. d4 cxd4 4.
Nxd4 a6 5. c4 Nf6 6. Nc3 Qc7 7.
Be2 Bb4 8. Nc2 Bxc3+ 9. bxc3 Nxe4 10. Qd4 Nf6 11. Bf4 Qa5 12. Bd6 Nc6 13. Qd3 Qg5 14. Ne3 Ne5 15. Qd4 Nc6 16. Qd3 Ne5 17. Qc2 Qg6 18. Qd1 Nc6 19. O-O Ne4 20. Bd3 f5 21. Bxe4 fxe4 22. Ba3 Kf7 23. Qd6 Re8 24. f3 Kg8 25.
fxe4 h6 26. Rf4 Kh7 27. Raf1 e5 28. Rg4 Qxd6 29. Bxd6 Nd8 30. Nd5 Ne6 31. Rf7 Kg8 32. Rf3 Kh7 33. Bxe5 d6 34. Bxd6 Ng5 35. Rxg5 hxg5 36.
e5 Be6 37. Nc7 Bxc4 38. Nxa8 Rxa8 39. Kf2 Bxa2 40. Re3 Be6 41. Kg3 Kg6 42. Re1 a5 43.
Ba3 b5 44. Rb1 Bc4 45. h3 Kf5 46. Re1 Ke6 47. Bd6 Ra6 48. Kg4 Rb6 49. Rb1 Bd5 50.
g3 Be4 51. Rb2 Kd5 52. Kxg5 g6 53. Rd2+ Ke6 54. Re2 Bf5 55. Ra2 a4 56. Rb2 Bxh3 57.
Re2 Bf5 58. Bb4 Rb7 59. Rf2 Kxe5 60. g4 Bd3 61. Rf3 Ke4 62. Rf4+ Ke3 63. Bc5+ Kd2 64.
Bb4 Kc2 65. Rd4 Bc4 66. Rd6 Kb3 67. Ra6 Rg7 68. Kf6 Rf7+ 69. Kg5 Rf3 70. Kxg6 Rg3 71. g5 Rg2 72. Kf6 Ra2 73. g6 a3 74. g7 Ra1 75.
Ke7 a2 76. Ra3+ Kb2 77. Kf8 Rf1+ 78. Ke7 a1=Q 79. Rxa1 Kxa1 80. Bd6 Kb2 81. Be5 Kb3 82. Bf6 Re1+ 83. Kf8 Rc1 84. g8=Q Bxg8 85. Kxg8 Rxc3 86. Kf7 Kc2 87. Ke6 b4 88. Kd5 b3 89. Kd4 Rc6 90. Ke4 b2 91. Ke5 b1=Q 92. Kd5 Qb5+ 93. Ke4 Rc4+ 94. Bd4 Qc5 95. Kf3 Qxd4 96. Kg3 Rc3+ 97.
Kg2 Qd2+ 98. Kf1 Kb3 99. Kg1 Rc1# 0-1

[Event "*** Titled Tuesday Blitz"]
[Site "Chess.com"]
[Date "2020.05.05"]
[Round "5"]
[White "Turquoise_2701"]
[Black "Orest_Vovk"]
[Result "1/2-1/2"]
[WhiteElo "2160"]
[BlackElo "2415"]
[TimeControl "180+1"]
[EndTime "10:59:35 PDT"]
[Termination "Game drawn - insufficient material"]

1. c4 Nc6 2. g3 Nf6 3. Bg2 e6 4. Nf3 Be7 5. O-O O-O 6. b3 d6 7.
Bb2 e5 8. d4 exd4 9. Nxd4 Nxd4 10. Bxd4 Nd7 11. Bb2 Bf6 12. Qc2 Bxb2 13. Qxb2 Qf6 14.
Qxf6 Nxf6 15. Nc3 a6 16. Nd5 Nxd5 17. cxd5 Bd7 18. Rfc1 Rfc8 19. Rc3 b5 20. Rac1 Ra7 21. b4 Kf8 22. a3 Ke7 23. e3 Kd8 24. Be4 g6 25. h4 a5 26. bxa5 Rxa5 27. h5 Ra4 28.
Bd3 Rg4 29. hxg6 hxg6 30. Rb1 Rb8 31. Rcb3 Ra4 32. Kg2 Rba8 33. Bxb5 Bxb5 34. Rxb5 Rxa3 35. Rh1 Ke7 36. Rb7 R3a7 37. Rb4 Ra4 38. Rb7 R8a7 39. Rxa7 Rxa7 40. Rc1 Kd7 41. e4 Ra4 42. f3 Ra2+ 43.
Kh3 Rf2 44. Rc3 Rf1 45. g4 Rh1+ 46. Kg2 Rh8 47. Ra3 f5 48. gxf5 gxf5 49. Kg3 fxe4 50. fxe4 Rf8 51. Kg4 Rf1 52. Rc3 Rf7 53. Kg3 Kc8 54.
Kg4 Kb7 55. Rb3+ Ka6 56. Kg3 Ka5 57. Kg4 Ka4 58. Rb7 Ka5 59. Kg5 Ka6 60. Rb3 Ka7 61.
Rc3 Kb7 62. Kg6 Rf4 63. Re3 Kb6 64. Kg5 Rf1 65. Rc3 Rb1 66. Rc6+ Kb7 67. Kf5 Kc8 68. Rc4 Kd7 69. Rc3 Rf1+ 70. Kg4 Rf7 71. Kg3 Kc8 72.
Kg4 Kb7 73. Kg3 Kb6 74. Kg4 Kb5 75. Kg5 Kb4 76. Rc6 Re7 77. Kf5 Re5+ 78. Kf4 Re7 79. Kf5 Kb5 80. Kf4 Rf7+ 81. Ke3 Kb4 82. Kd4 Rh7 83. Ke3 Kb3 84. Kf4 Kb4 85. Kf5 Kb5 86.
Ke6 Kb4 87. e5 dxe5 88. Kxe5 Re7+ 89. Kf6 Rd7 90. Ke6 Rh7 91. d6 cxd6 92. Kxd6 Rh6+ 93. Kc7 Rxc6+ 94. Kxc6 1/2-1/2

[Event "*** Titled Tuesday Blitz"]
[Site "Chess.com"]
[Date "2020.05.05"]
[Round "5"]
[White "afgano29"]
[Black "ama18"]
[Result "1-0"]
[WhiteElo "2703"]
[BlackElo "2494"]
[TimeControl "180+1"]
[EndTime "10:59:40 PDT"]
[Termination "afgano29 won by checkmate"]

1. d4 Nf6 2. c4 e6 3. Nf3 a6 4. g3 b5 5. Nbd2 c5 6. Bg2 Bb7 7. dxc5 Bxc5 8. a3 bxc4 9. Nxc4 d5 10. Nce5 O-O 11. O-O Nbd7 12. b4 Ba7 13. Bb2 Ne4 14. e3 Rc8 15. Nd2 Nc3 16. Bxc3 Rxc3 17.
Nef3 Qb8 18. Nb3 Rfc8 19. Na5 Ba8 20. Nd2 Ne5 21. Ndb3 Qb5 22. Qh5 Nd3 23. Rfd1 Nb2 24. Bf1 Qa4 25. Bxa6 Nxd1 26. Bxc8 Rxc8 27. Qxd1 Bb6 28.
Rc1 Rb8 29. Ra1 g6 30. Qc1 d4 31. Nxd4 Bxa5 32. bxa5 Qxa5 33. f3 e5 34. Nc2 Bxf3 35. Rb1 Rxb1 36. Qxb1 Qd5 37. Ne1 Be4 38. Qb2 h5 39. a4 h4 40. gxh4 Qa5 41. Qa1 f6 42. Kf1 Qa6+ 43. Kf2 Kg7 44. a5 Qc8 45. Qa3 Qh3 46.
Ke2 Qxh2+ 47. Kd1 Qxh4 48. a6 Qg4+ 49. Kd2 Qd7+ 50. Ke2 Qa7 51. Nd3 Bxd3+ 52. Kxd3 g5 53. Qa5 Kg6 54. Qb5 f5 55. Qb7 e4+ 56. Kd2 Qc5 57.
a7 Qa5+ 58. Kc2 Qa2+ 59. Kc3 Qa3+ 60. Kc4 Qd3+ 61. Kc5 Qxe3+ 62. Kd6 Qd3+ 63. Ke7 Qa3+ 64. Kd7 Qa4+ 65. Qc6+ Qxc6+ 66. Kxc6 e3 67. a8=Q f4 68. Qa2 f3 69. Kd5 e2 70. Qd2 g4 71. Qe1 Kf5 72.
Kd4 Kf4 73. Kd3 g3 74. Qd2+ Kg4 75. Qe1 g2 76. Qf2 Kh3 77. Ke3 Kh2 78. Qh4+ Kg1 79. Qf2+ Kh1 80. Qh4+ Kg1 81. Kxf3 Kf1 82. Qf2# 1-0